 Dungeon Crawl Stone Soup version 0.27-a0-1196-g3e9cee4cb2 (webtiles) character file.

Game seed: 2849137081442027418

1659 Essalna the Skirmisher (level 9, -11/68 HPs)
             Began as a Djinni Venom Mage on May 27, 2021.
             Killed from afar by a gargoyle (24 damage)
             ... with a stone arrow
             ... on level 6 of the Dungeon.
             The game lasted 00:13:55 (6526 turns).

Essalna the Skirmisher (Djinni Venom Mage)          Turns: 6526, Time: 00:13:56

Health: -11/68     AC:  5    Str:  7    XL:     9   Next: 20%
Gold:   317        EV: 12    Int: 20    God:
                   SH:  6    Dex: 14

rFire    + + .     SeeInvis .   g - +1 long sword (elec)
rCold    x . .     Faith    .   d - +1 buckler
rNeg     . . .     Spirit   .   a - +0 robe
rPois    ∞         Reflect  .   o - +2 helmet
rElec    .         Harm     .   (no cloak)
rCorr    .         Rampage  .   (no gloves)
Will     .....                  (boots unavailable)
Stlth    ++........             (no amulet)
HPRegen  0.21/turn              (no ring)
MPRegen  0.00/turn              (no ring)

@: flying
A: sickness immunity, fire resistance 2, cold vulnerability 1, float, innate
caster, hp casting, extra vitality 1
a: no special abilities


You were on level 6 of the Dungeon.
You visited 1 branch of the dungeon, and saw 6 of its levels.

You collected 317 gold pieces.

Inventory:

Hand Weapons
 g - a +1 long sword of electrocution (weapon)
Missiles
 k - 8 curare-tipped darts
Armour
 a - a +0 robe (worn)
 d - a +1 buckler (worn)
 o - a +2 helmet (worn)
Wands
 r - a wand of flame (7)
Scrolls
 e - 3 scrolls of teleportation
 l - 5 scrolls of identify
 n - a scroll of enchant weapon {unknown}
 p - a scroll of vulnerability {unknown}
 q - a scroll of noise {unknown}
Potions
 b - a potion of brilliance
 c - 3 potions of degeneration
 h - 4 potions of berserk rage
 i - a potion of cancellation
 j - a potion of flight
 m - a potion of might {unknown}


   Skills:
 + Level 7.1 Fighting
 - Level 2.1 Dodging
 - Level 1.5 Stealth
 - Level 4.0 Shields
 + Level 6.0 Spellcasting


You couldn't memorise any spells.
You knew the following spells:

 Your Spells              Type           Power      Damage    Failure   Level
a - Sting                 Tmut/Pois      100%       1d8       1%          1
b - Poisonous Vapours     Pois/Air       60%        N/A       1%          2
c - Mephitic Cloud        Conj/Pois/Air  30%        N/A       2%          3
d - Ignite Poison         Fire/Tmut/Pois 30%        N/A       2%          3
e - Olgreb's Toxic Radia  Pois           30%        N/A       9%          4
f - Magic Dart            Conj           100%       1d8       1%          1
g - Slow                  Hex            30%        N/A       1%          2
h - Vampiric Draining     Necr           15%        2d8       2%          3
i - Gell's Gravitas       Tloc           15%        N/A       2%          3
Your spell library was empty.

Dungeon Overview and Level Annotations

Branches:
Dungeon (6/15)
 Temple: D:4-7

Altars:
Elyvilon
Fedhas
Nemelex Xobeh
Zin

Annotations:
D:6 2 runed translucent doors


Innate Abilities, Weirdness & Mutations

You are immune to sickness and miasma.
You are immune to poison.
Your flesh is very heat resistant. (rF++)
You are vulnerable to cold. (rC-)
You float through the air rather than walking.
You learn spells naturally, not from books.
Your magical power is your life essence.
You have superior vitality. (+4 HP)


Message History

You can't see any susceptible monsters within range! (Use Z to cast anyway.)
Casting: Ignite Poison (dangerous; 2% risk of failure)
Confirm with . or Enter, or press ? or * to list all spells.
Aiming: Mephitic Cloud (dangerous; 2% risk of failure)
Press: ? - help, Shift-Dir - straight line, f - you The ball explodes into a vile cloud!
The stinking cloud engulfs you but does no damage.
The stinking cloud engulfs the gargoyle but does no damage.
You hear an angry hiss.
You hear a roar!
The gargoyle hurls a stone arrow at you.
The stone arrow hits you!
The gargoyle hurls a stone arrow at you.
The stone arrow misses you.
There is an open door here.
Casting: Mephitic Cloud (dangerous; 2% risk of failure)
Confirm with . or Enter, or press ? or * to list all spells.
You ignite the poison in your surroundings!
The gargoyle is engulfed in blazing flames.
The gargoyle hurls a stone arrow at you.
The stone arrow hits you!!
* * * LOW HITPOINT WARNING * * *
The bullfrog skeleton is engulfed in blazing flames.
It was a potion of flight.
You feel more buoyant.
The gargoyle is engulfed in blazing flames.
The gargoyle hurls a stone arrow at you.
You block the stone arrow.
It was a potion of cancellation.
Your magical effects are unravelling.
You feel magically purged.
The bullfrog skeleton is engulfed in blazing flames.
You destroy the bullfrog skeleton!
The gargoyle is engulfed in blazing flames.
You feel better. The gargoyle barely misses you.
You riposte.
You hit the gargoyle.
The gargoyle is severely damaged.
You feel better.
The gargoyle hurls a stone arrow at you.
The stone arrow hits you!!
You die...

#..# #..# #..#
..#8... ##.##
#.#(.l. #..#
!#=... #..#
#8... ##.# .
#8.. ##### #.#
...##++##@9○##
#.##
..........##○#
#..#
#.........#†##
#..#
########.†##
##..#
#...######...#
#............#
##..........##
############


You could see a gargoyle.

Vanquished Creatures
  The ghost of EldarEldrad the Chopper, an amateur HOFi (D:4)
  Sigmund (D:5)
  2 water moccasins (D:6)
  An orc warrior (D:4)
  2 necrophages (D:6)
  A centaur (D:5)
  A kobold brigand (D:4)
  2 scorpions (D:5)
  A howler monkey (D:6)
  A centaur zombie (D:5)
  A bullfrog zombie (D:6)
  2 orc priests (D:4)
  2 bullfrog skeletons
  A centaur skeleton (D:4)
  5 orc wizards
  A gnoll (D:1)
  6 adders
  3 adder zombies (D:2)
  4 dart slugs
  16 orcs
  8 ball pythons
  A bat zombie (D:2)
  An endoplasm (D:2)
  3 giant cockroaches
  5 goblins
  3 hobgoblins
  4 jackals
  25 kobolds
  3 quokkas
  9 bats
  5 frilled lizards
  A jackal skeleton (D:2)
  4 rats
126 creatures vanquished.

Vanquished Creatures (others)
  A fungus (D:4)
  3 plants (D:4)
4 creatures vanquished.

Grand Total: 130 creatures vanquished

Notes
Turn   | Place    | Note
-------+----------+-------------------------------------------
     0 | D:1      | Essalna the Djinni Venom Mage began the quest for the Orb.
     0 | D:1      | Reached XP level 1. HP: 15/15 MP: 0/0
    97 | D:1      | Reached XP level 2. HP: 17/22 MP: 0/0
   195 | D:1      | Reached skill level 1 in Fighting
   608 | D:1      | Reached XP level 3. HP: 19/28 MP: 0/0
   608 | D:1      | Learned a level 1 spell: Magic Dart
   778 | D:1      | Found a faded altar of an unknown god.
  1168 | D:2      | Reached skill level 2 in Fighting
  1506 | D:2      | Reached XP level 4. HP: 29/33 MP: 0/0
  2620 | D:3      | Found a sparkling altar of Nemelex Xobeh.
  2620 | D:3      | Found a blossoming altar of Fedhas.
  2881 | D:3      | Reached XP level 5. HP: 31/40 MP: 0/0
  2881 | D:3      | Learned a level 2 spell: Slow
  3033 | D:3      | Found a glowing silver altar of Zin.
  3616 | D:4      | Reached skill level 3 in Fighting
  3625 | D:4      | Noticed an orc warrior
  3633 | D:4      | Killed an orc warrior
  3634 | D:4      | Reached skill level 1 in Shields
  3634 | D:4      | Reached XP level 6. HP: 36/46 MP: 0/0
  4178 | D:4      | Found a white marble altar of Elyvilon.
  4324 | D:4      | Found a runed translucent gate.
  4324 | D:4      | Found a runed translucent gate.
  4331 | D:4      | Noticed EldarEldrad's ghost (amateur HOFi)
  4332 | D:4      | Found a runed translucent gate.
  4378 | D:4      | Reached skill level 4 in Fighting
  4378 | D:4      | Reached XP level 7. HP: 39/52 MP: 0/0
  4378 | D:4      | Learned a level 3 spell: Vampiric Draining
  5410 | D:4      | Killed EldarEldrad's ghost
  5411 | D:4      | Reached XP level 8. HP: 37/58 MP: 0/0
  5523 | D:5      | Entered Level 5 of the Dungeon
  5535 | D:5      | Reached skill level 5 in Fighting
  5825 | D:5      | Noticed Sigmund
  5829 | D:5      | Killed Sigmund
  5830 | D:5      | Reached skill level 5 in Spellcasting
  6022 | D:6      | Reached skill level 6 in Fighting
  6414 | D:6      | Found a large runed translucent door.
  6414 | D:6      | Found a large runed translucent door.
  6422 | D:6      | Reached XP level 9. HP: 61/67 MP: 0/0
  6422 | D:6      | Learned a level 3 spell: Gell's Gravitas
  6508 | D:6      | Reached skill level 7 in Fighting
  6517 | D:6      | Noticed a gargoyle
  6522 | D:6      | HP: 1/68 [gargoyle/stone arrow (20)]
  6526 | D:6      | Killed from afar by a gargoyle

Illustrated notes

Levels and vault maps discovered:
D:1:      dpeg_arrival_rooms_with_view, layout_basic,
          shapermc_ecumenical_altar_mp_ritualfount, st_stairs_14, hex_medium,
          minmay_cupped
D:2:      layout_basic, serial_undead, serial_undead_c, serial_undead_d,
          serial_undead_d, serial_undead_f, minmay_pentomino_o4
D:3:      layout_loops_corners, amcnicky_altar_gilded,
          gammafunk_temple_overflow_statue
D:4:      layout_cave_pods, elyvilon_altar_5, gammafunk_ghost_nasty_kobolds,
          guppyfry_early_orc_mine
D:5:      layout_basic, uniq_sigmund, uniq_prince_ribbit1, uniq_menkaure
D:6:      layout_basic, minmay_temple_entry_purple_smoke,
          minmay_hollow_rounded_squares

Skill      XL: |  1  2  3  4  5  6  7  8  9 |
---------------+----------------------------+-----
Fighting       | 1 2 3 4 6 7 |  7.1
Spellcasting   | 3 4 5 6 |  6.0
Shields        | 1 2 3 4 |  4.0
Dodging        | |  2.1
Stealth        | |  1.5

Action                   |  1- 3 |  4- 6 |  7- 9 || total
-------------------------+-------+-------+-------++-------
Melee: Long sword        |    19 |    51 |    46 ||   116
 Cast: Sting             |    39 |    10 |       ||    49
       Poisonous Vapours |       |    52 |    33 ||    85
       Ignite Poison     |       |     1 |    10 ||    11
       Mephitic Cloud    |       |       |    10 ||    10
       Magic Dart        |       |       |     3 ||     3
       Vampiric Draining |       |       |     2 ||     2
       Gell's Gravitas   |       |       |     3 ||     3
  Use: Scroll            |       |     6 |       ||     6
       Potion            |       |       |     4 ||     4
 Stab: Sleeping          |       |     5 |       ||     5
Armor: Robe              |     4 |    12 |    16 ||    32
Dodge: Dodged            |    23 |    39 |    49 ||   111
Block: Buckler           |       |     2 |    17 ||    19
       Rpst.: Long sword |     2 |    15 |     4 ||    21

Table legend: (Time is in decaauts)
 A = Elapsed time spent in this place.
 B = Non-inter-level travel time spent in this place.
 C = Inter-level travel time spent in this place.
 D = Time resting spent in this place.
 E = Time spent auto-exploring this place.
 F = Levels seen in this place.
 G = Mean time per level.
                   A        B        C        D        E       F      G
               +--------+--------+--------+--------+--------+-----+--------+
         Total |   6572 |   6357 |    215 |      0 |   5596 |   6 | 1095.3 |
       Dungeon |   6572 |   6357 |    215 |      0 |   5596 |   6 | 1095.3 |
               +--------+--------+--------+--------+--------+-----+--------+

Top non-repeatable levels by time:
     D:4: 1963 daAuts
     D:1: 1388 daAuts
     D:3: 1159 daAuts
     D:2: 1042 daAuts
     D:6: 540 daAuts
     D:5: 478 daAuts
